 Dungeon Crawl Stone Soup version 0.30-a0-989-g0d87f670db (webtiles) character file.

Game seed: 12024845231413796892

22547 Conn the Scholar (level 13, -8/74 HPs)
             Began as an Octopode Fire Elementalist on Apr 4, 2023.
             Was an Elder of Sif Muna.
             Mangled by a cane toad (24 damage)
             ... on level 2 of the Lair of Beasts.
             The game lasted 00:51:59 (11491 turns).

Conn the Scholar (Octopode Fire Elementalist)      Turns: 11491, Time: 00:52:00

Health: -8/74      AC:  4    Str:  7    XL:     13   Next: 1%
Magic:  32/37      EV: 14    Int: 34    God:    Sif Muna [****..]
Gold:   695        SH:  0    Dex: 12    Spells: 11/33 levels left

rFire   . . .      SeeInvis +    m - +3 short sword (freeze)
rCold   . . .      Faith    .    (no shield)
rNeg    . . .      Spirit   .    A - +3 hat of Pondering {ponderous, Will+ MP+10 Int+5}
rPois   .          Reflect  .    g - amulet of magic regeneration
rElec   .          Rampage  .    l - ring of flight
rCorr   .                        d - +6 ring of intelligence
Will    +++..                    C - ring "Novecs" {*Corrode Will++ SInv}
Stlth   ++++                     (no ring)
HPRegen 0.32/turn                (no ring)
MPRegen 0.65/turn                (no ring)
                                 (no ring)
                                 (no ring)

@: flying, slow
A: almost no armour, amphibious, 8 rings, camouflage 1, gelatinous body 1,
(nimble swimmer 1), tentacles
a: Renounce Religion, Channel Magic, Forget Spell, Divine Exegesis


You were on level 2 of the Lair of Beasts.
You worshipped Sif Muna.
Sif Muna was greatly pleased with you.
You visited 3 branches of the dungeon, and saw 13 of its levels.

You collected 695 gold pieces.

Inventory:

Hand Weapons
 c - a +0 short sword
 i - a +1 dagger of venom
 m - a +3 short sword of freezing (weapon)
Armour
 A - the +3 hat of Pondering (worn) {ponderous, Will+ MP+10 Int+5}
   (You took it off Gastronok on level 8 of the Dungeon)

   Int:       It affects your intelligence (+5).
   MP:        It affects your magic capacity (+10).
   Will:      It increases your willpower.
Magical Staves
 G - a staff of air
Jewellery
 d - a +6 ring of intelligence (right tentacle)
 g - an amulet of magic regeneration (around mantle)
 l - a ring of flight (left tentacle)
 v - a ring of ice
 x - an amulet of the acrobat
 C - the ring "Novecs" (on tentacle) {*Corrode Will++ SInv}
   (You acquired it on level 10 of the Dungeon)

   [ring of see invisible]

   SInv:      It lets you see invisible.
   *Corrode:  It may corrode you when you take damage.
   Will:      It greatly increases your willpower.
Wands
 a - a wand of acid (18)
 o - a wand of charming (5)
 r - a wand of polymorph (8)
 B - a wand of roots (4)
Scrolls
 q - a scroll of fog
 s - a scroll of magic mapping
 y - 3 scrolls of immolation
 z - 5 scrolls of amnesia
 E - a scroll of enchant armour {unknown}
Potions
 b - a potion of curing
 e - a potion of haste
 f - 2 potions of heal wounds
 h - a potion of flight
 j - 4 potions of brilliance {unknown}
 k - 5 potions of mutation {unknown}
 t - 2 potions of might
 u - a potion of invisibility {unknown}
 w - 3 potions of berserk rage {unknown}
 D - 2 potions of magic
 F - a potion of resistance {unknown}


   Skills:
 + Level 1.7 Fighting
 + Level 3.3 Short Blades
 + Level 3.4 Dodging
 - Level 6.7 Stealth
 * Level 10.6 Spellcasting
 * Level 7.3 Conjurations
 + Level 2.9 Hexes
 * Level 4.5 Summonings
 + Level 9.0 Fire Magic
 + Level 2.9 Ice Magic
 * Level 4.2 Air Magic
 + Level 12.2 Invocations


You had 11 spell levels left.
You knew the following spells:

 Your Spells              Type           Power      Damage    Failure   Level
a - Foxfire               Conj/Fire      100%       2x1d6     1%          1
b - Hailstorm             Conj/Ice       52%        3d12      1%          3
c - Inner Flame           Hex/Fire       56%        N/A       1%          3
d - Flame Wave            Conj/Fire      65%        2d15      1%          4
e - Scorch                Fire           100%       2d10      1%          2
f - Plasma Beam           Fire/Air       29%        2x1d30    4%          5
g - Summon Lightning Spi  Summ/Air       48%        N/A       4%          4

Your spell library contained the following spells:

 Spells                   Type           Power      Damage    Failure   Level
 Freeze                   Ice            100%       1d10      1%          1
 Magic Dart               Conj           100%       1d8       1%          1
 Searing Ray              Conj           100%       2d8       1%          2
 Kindle Blastsparks       Fire/Tloc/Air  96%        2d18      1%          3
 Sticky Flame             Conj/Fire      65%        2d8       1%          4
 Beastly Appendage        Tmut           36%        N/A       2%          1
 Frozen Ramparts          Ice            76%        1d12      2%          3
 Ozocubu's Armour         Ice            38%        N/A       2%          3
 Lesser Beckoning         Tloc           36%        N/A       3%          2
 Sublimation of Blood     Necr           18%        N/A       3%          2
 Wereblood                Tmut           18%        N/A       3%          2
 Fulminant Prism          Conj/Hex       26%        3d14      3%          4
 Airstrike                Air            23%        2d(4-20)  4%          4
 Gell's Gravitas          Tloc           18%        N/A       8%          3
 Spider Form              Tmut/Pois      18%        N/A       8%          3
 Teleport Other           Tloc           18%        N/A       8%          3
 Summon Hydra             Summ           24%        N/A       97%         7
 Ozocubu's Refrigeration  Ice            19%        4d11      99%         7


Dungeon Overview and Level Annotations

Branches:
Dungeon (10/15)            Temple (1/1) D:5            Lair (2/5) D:10
    Orc (0/2) D:9
  Swamp: Lair:2-3    Shoals: Lair:2-3     Snake: Lair:2-3    Spider: Lair:2-3

Altars:
Ashenzari
Cheibriados
Dithmenos
Elyvilon
Fedhas
Gozag
Hepliaklqana
Kikubaaqudgha
Makhleb
Nemelex Xobeh
Okawaru
Qazlal
Ru
Sif Muna
Trog
Uskayaw
Vehumet
Wu Jian
Xom
Yredelemnul
Zin
The Shining One

Shops:
D:4 *

Portals:
Trove: D:10 (give 5 scrolls of blinking)

Annotations:
D:5 exclusion: statue
Lair:1 Gargoyl's ghost, journeyman GrBe


Innate Abilities, Weirdness & Mutations

You cannot wear most types of armour.
You are amphibious.
You can wear up to eight rings at the same time.
Your skin changes colour to match your surroundings (Stealth+).
Your rubbery body absorbs attacks. (AC +1, EV +1)
((You are camouflaged when in or above water. (Stealth+)))
You have tentacles for arms and can constrict up to eight enemies at once.


Message History

Casting: Foxfire (safe; 1% risk of failure)
Confirm with . or Enter, or press ? or * to list all spells.
Flames lash the cane toad but do no damage.
The foxfire hits the cane toad.
The cane toad is lightly wounded.
The foxfire hits the cane toad.
The cane toad is moderately wounded.
The cane toad stings you!!
You are poisoned.
The cane toad poisons you!
Casting: Scorch (safe; 1% risk of failure)
Confirm with . or Enter, or press ? or * to list all spells.
Casting: Flame Wave (dangerous; 1% risk of failure)
Press: ? - help, Dir - look around, f - activate A wave of flame ripples out!
The flame wave engulfs the cane toad.
The cane toad is heavily wounded. (Press . to intensify the flame waves.)
You feel very sick. The cane toad stings you.
You are more poisoned.
The cane toad poisons you! The cane toad stings you!
You are more poisoned.
The cane toad poisons you!
A wave of flame ripples out!
The flame wave engulfs the cane toad.
The cane toad is heavily wounded.
The flame wave engulfs the polar bear!
The polar bear is moderately wounded.
* * * LOW HITPOINT WARNING * * *
You feel extremely sick. The cane toad stings you!
* * * LOW HITPOINT WARNING * * *
You are more poisoned.
The cane toad poisons you!
Unknown command.
Unknown command.
Unknown command.
Okay, then.
Unknown command.
You feel better. The cane toad stings you!!
You die...

♣ #.###.# #..### #..# ##.....
#.....# ##.#.# #..# ##....
#.♣.♣.# ###...###..## #....
#.♣.♣.# ##..#...##...## ###..
#♣♣.♣♣#####......#......## #P.
# ### #.##P.......##.....## ##.
♣♣ ♣♣.♣♣#.#........#........##
##
.♣♣♣...♣#..........##........#
♣...............@.###........##
# ♣♣♣♣...♣#......Fh.#
###....##.### .♣
♣♣.♣♣#........... ##..#####..
## ### #...........# ##..#...#.
...........## #....####
.....<......# ##..##
..#.#........# ###.##
.#######.##### #...# ##.##


You could see a polar bear and a cane toad.

Vanquished Creatures
  Gastronok (D:8)
  2 hydras
  2 death yaks (Lair:2)
  An elephant (Lair:2)
  A black mamba (Lair:2)
  Maggie (D:10)
  2 cane toads (Lair:2)
  A torpor snail (Lair:2)
  4 unseen horror zombies (D:9)
  4 rime drakes (Lair:1)
  2 komodo dragons
  2 trolls (D:9)
  Grinder (D:5)
  A hornet (D:9)
  3 dream sheep (Lair:2)
  9 blink frogs (Lair:2)
  Sigmund (D:2)
  7 yaks
  2 wraiths
  A spriggan (Lair:1)
  4 wyverns
  3 basilisks
  2 steam dragons
  Menkaure (D:6)
  6 water moccasins
  3 sky beasts
  5 orc warriors
  4 black bears
  4 ogres
  A black mamba simulacrum (Lair:1)
  3 centaurs
  A phantom (D:5)
  A kobold brigand (D:9)
  8 bullfrogs
  2 scorpions
  A wyvern zombie (D:9)
  A gnoll sergeant (D:10)
  A cane toad simulacrum (Lair:1)
  8 wights (D:7)
  5 killer bees (D:7)
  A centaur zombie (D:9)
  9 orc priests
  4 hounds
  4 jellies
  3 iguanas (D:6)
  2 sleepcaps (D:6)
  14 orc wizards
  2 basilisk simulacra (Lair:1)
  3 howler monkey zombies (D:9)
  6 gnolls
  6 adders
  3 white imps
  3 worms
  2 dart slugs
  37 orcs
  10 bats
  A bat zombie (D:3)
  7 endoplasms
  A giant cockroach (D:4)
  2 goblins
  6 jackals
  16 kobolds
  3 quokkas
  4 ball pythons
  4 frilled lizards
  5 rats (D:1)
  2 rat zombies (D:3)
272 creatures vanquished.

Vanquished Creatures (collateral kills)
  A cane toad (Lair:1)
  A yak (D:9)
  A water moccasin (Lair:2)
  11 foxfires (D:10)
14 creatures vanquished.

Vanquished Creatures (others)
  A rat (D:1)
  453 foxfires
  7 fungi
  17 plants
478 creatures vanquished.

Grand Total: 764 creatures vanquished

Notes
Turn   | Place    | Note
-------+----------+-------------------------------------------
     0 | D:1      | Conn the Octopode Fire Elementalist began the quest for the
                  | Orb.
     0 | D:1      | Reached XP level 1. HP: 11/11 MP: 3/3
   255 | D:1      | Reached XP level 2. HP: 14/17 MP: 5/5
   333 | D:1      | Learned a level 2 spell: Scorch
   958 | D:2      | Reached XP level 3. HP: 21/21 MP: 2/6
  1366 | D:2      | Noticed Sigmund
  1375 | D:2      | Learned a level 3 spell: Inner Flame
  1383 | D:2      | Killed Sigmund
  1384 | D:2      | Reached skill level 1 in Short Blades
  1384 | D:2      | Reached XP level 4. HP: 27/27 MP: 1/8
  1384 | D:2      | Reached XP level 5. HP: 31/31 MP: 1/9
  1784 | D:3      | Found an ancient bone altar of Kikubaaqudgha.
  1860 | D:3      | Reached XP level 6. HP: 34/36 MP: 10/10
  2089 | D:3      | You fall into a shaft and drop 1 floor!
  2095 | D:4      | Found a stormy altar of Qazlal.
  2117 | D:4      | Reached skill level 5 in Stealth
  2308 | D:4      | Found Zin's Purification Station.
  2311 | D:4      | Found a glowing silver altar of Zin.
  2486 | D:4      | Noticed a black bear
  2496 | D:4      | Killed a black bear
  2792 | D:4      | Reached XP level 7. HP: 19/41 MP: 7/12
  3070 | D:5      | Entered Level 5 of the Dungeon
  3076 | D:5      | Learned a level 4 spell: Flame Wave
  3080 | D:5      | Learned a level 3 spell: Hailstorm
  3103 | D:5      | Noticed Grinder
  3104 | D:5      | Found a broken altar of Ashenzari.
  3109 | D:5      | Killed Grinder
  3110 | D:5      | Reached skill level 1 in Ice Magic
  3419 | D:5      | Reached XP level 8. HP: 47/47 MP: 10/14
  3637 | D:5      | Found a radiant altar of Vehumet.
  3847 | D:5      | Found a staircase to the Ecumenical Temple.
  3856 | Temple   | Entered the Ecumenical Temple
  3941 | Temple   | Became a worshipper of Sif Muna the Loreminder
  4407 | D:6      | Noticed Menkaure
  4415 | D:6      | Killed Menkaure
  4416 | D:6      | Reached skill level 5 in Fire Magic
  4567 | D:6      | Reached skill level 5 in Spellcasting
  4767 | D:6      | Reached skill level 1 in Fighting
  5001 | D:6      | Reached skill level 1 in Invocations
  5014 | D:6      | Reached XP level 9. HP: 13/53 MP: 2/17
  5018 | D:6      | Reached skill level 2 in Invocations
  5031 | D:6      | Reached * piety under Sif Muna
  5599 | D:7      | Reached skill level 3 in Invocations
  5702 | D:7      | Found a sacrificial altar of Ru.
  6073 | D:7      | Reached skill level 5 in Conjurations
  6253 | D:7      | Reached skill level 12 in Invocations
  6253 | D:7      | Reached XP level 10. HP: 59/59 MP: 19/19
  6345 | D:8      | Learned a level 5 spell: Plasma Beam
  6345 | D:8      | Noticed Gastronok
  6752 | D:8      | Reached ** piety under Sif Muna
  7014 | D:8      | Reached skill level 1 in Hexes
  7353 | D:8      | Reached XP level 11. HP: 24/63 MP: 12/21
  7599 | D:8      | Killed Gastronok
  7600 | D:8      | Reached skill level 1 in Air Magic
  7670 | D:8      | Learned a level 4 spell: Summon Lightning Spire
  8261 | D:9      | Reached skill level 1 in Summonings
  8487 | D:9      | Reached *** piety under Sif Muna
  8685 | D:9      | Found a staircase to the Orcish Mines.
  8930 | D:9      | Found a basalt altar of Yredelemnul.
  9020 | D:10     | Entered Level 10 of the Dungeon
  9218 | D:10     | Found an opulent altar of Gozag.
  9232 | D:10     | Found a portal to a secret trove of treasure.
  9241 | D:10     | Identified a scroll of acquirement
  9241 | D:10     | Acquired the ring "Novecs" {*Corrode Will++ SInv}
  9357 | D:10     | Noticed Maggie
  9368 | D:10     | Killed Maggie
  9371 | D:10     | Found a staircase to the Lair.
  9566 | D:10     | Reached XP level 12. HP: 70/70 MP: 24/24
  9793 | D:10     | Found a shadowy altar of Dithmenos.
  9896 | Lair:1   | Entered Level 1 of the Lair of Beasts
  9896 | Lair:1   | Found a runed translucent gate.
  9896 | Lair:1   | Found a runed translucent gate.
  9896 | Lair:1   | Found a runed translucent gate.
  9970 | Lair:1   | Noticed an ice dragon
 10493 | Lair:1   | Noticed Gargoyl's ghost (journeyman GrBe)
 10512 | Lair:1   | Noticed a four-headed hydra
 10712 | Lair:1   | Killed a four-headed hydra
 10712 | Lair:1   | Reached **** piety under Sif Muna
 11080 | Lair:2   | Noticed a death yak
 11093 | Lair:2   | Killed a death yak
 11094 | Lair:2   | Reached skill level 10 in Spellcasting
 11103 | Lair:2   | Noticed a six-headed hydra
 11107 | Lair:2   | Killed a six-headed hydra
 11127 | Lair:2   | Noticed a death yak
 11138 | Lair:2   | Killed a death yak
 11350 | Lair:2   | Reached XP level 13. HP: 56/74 MP: 21/27
 11491 | Lair:2   | Mangled by a cane toad

Illustrated notes

Levels and vault maps discovered:
D:1:      matt_arrival_refuge, layout_loops_ring, serial_glass, glass_columns_a,
          glass_columns_a, lemuel_flame_loot_1
D:2:      layout_loops_cross, uniq_sigmund
D:3:      layout_basic, lemuel_zombie_altar_kikubaaqudgha
D:4:      layout_loops_corners, zin_purify,
          mainiacjoe_overflow_concentric_impassable, minmay_fountain_box
D:5:      layout_loops_corners, vehumet_statue, evilmike_ruin_ashenzari,
          temple_hall, uniq_grinder
D:6:      layout_rooms, grunt_potential, uniq_menkaure
D:7:      layout_gridville, nicolae_ru_the_path_less_chosen
D:8:      layout_loops_corners, uniq_gastronok
D:9:      layout_rooms, nicolae_yredelemnul_corpse_copse, david_orc_4
D:10:     layout_basic, mainiacjoe_overflow_alcove_4,
          nicolae_gozag_cash_rules_everything_around_me, david_lair_shrubbed,
          nicolae_trove_entry_crystal, chequers_serial_rivers_micro_a,
          uniq_maggie
Temple:   dshaligram_water_room_temple
Lair:1:   layout_long_grid, gammafunk_ghost_icy, grunt_forest_large_clearing_hut
Lair:2:   nzn_winding_woodlands_large [nzn_winding_woodlands_5x5_checkerboard,
          nzn_winding_woodlands_5x15_lazy_stream,
          nzn_winding_woodlands_hourglass,
          nzn_winding_woodlands_center_pierced_h,
          nzn_winding_woodlands_15x15_thick_spiral,
          nzn_winding_woodlands_center_triple_pond,
          nzn_winding_woodlands_5x5_default, nzn_winding_woodlands_5x15_pockets,
          nzn_winding_woodlands_5x5_default], layout_cave_pods,
          nicolae_swamp_entry_splash_gauntlet

Skill      XL: |  1  2  3  4  5  6  7  8  9 10 11 12 |
---------------+-------------------------------------+-----
Stealth        | 3 4 5 6 |  6.7
Short Blades   | 1 2 3 |  3.3
Spellcasting   | 3 4 5 6 8 10 | 10.6
Conjurations   | 2 3 4 5 6 7 |  7.3
Fire Magic     | 4 5 7 8 9 |  9.0
Ice Magic      | 1 2 |  2.9
Dodging        | 3 |  3.4
Fighting       | 1 |  1.7
Invocations    | 1 12 | 12.2
Hexes          | 1 2 |  2.9
Air Magic      | 3 4 |  4.2
Summonings     | 2 4 |  4.5

Action                     |  1- 3 |  4- 6 |  7- 9 | 10-12 | 13-15 || total
---------------------------+-------+-------+-------+-------+-------++-------
  Melee: Short sword       |    17 |     6 |    39 |    21 |       ||    83
         Unarmed           |     2 |       |       |       |       ||     2
         Constrict         |     9 |     9 |    13 |     3 |       ||    34
         Tentacles         |     9 |     8 |    11 |     5 |       ||    33
         Dagger            |    23 |    25 |       |       |       ||    48
         Punch             |       |     1 |     1 |     1 |       ||     3
   Cast: Foxfire           |    34 |    18 |    94 |   129 |     1 ||   276
         Scorch            |     2 |     4 |    46 |    79 |     1 ||   132
         Inner Flame       |       |     1 |     4 |    49 |       ||    54
         Flame Wave        |       |       |     9 |    19 |     1 ||    29
         Hailstorm         |       |       |     2 |    13 |       ||    15
         Summon Lightning  |       |       |       |    13 |       ||    13
         Plasma Beam       |       |       |       |     4 |       ||     4
  Evoke: Wand              |       |       |       |     1 |       ||     1
    Use: Scroll            |       |       |    13 |    12 |       ||    25
         Potion            |       |       |     8 |     2 |     1 ||    11
   Stab: Sleeping          |     7 |     8 |     5 |     6 |       ||    26
 Armour: Skin              |     4 |     3 |     6 |    17 |       ||    30
  Dodge: Dodged            |    31 |    16 |    56 |    76 |       ||   179

Table legend: (Time is in decaauts)
 A = Elapsed time spent in this place.
 B = Non-inter-level travel time spent in this place.
 C = Inter-level travel time spent in this place.
 D = Time resting spent in this place.
 E = Time spent auto-exploring this place.
 F = Levels seen in this place.
 G = Mean time per level.
                   A        B        C        D        E       F      G
               +--------+--------+--------+--------+--------+-----+--------+
         Total |  11702 |  11399 |    303 |    548 |   8138 |  13 |  900.2 |
       Dungeon |   9919 |   9636 |    283 |    286 |   7115 |  10 |  991.9 |
        Temple |    105 |     85 |     20 |      0 |     61 |   1 |  105.0 |
          Lair |   1677 |   1677 |      0 |    262 |    961 |   2 |  838.5 |
               +--------+--------+--------+--------+--------+-----+--------+

Top non-repeatable levels by time:
     D:8: 1576 daAuts
     D:9: 1220 daAuts
     D:5: 1115 daAuts
     D:7: 1011 daAuts
     D:6: 994 daAuts
  Lair:1: 992 daAuts
     D:4: 979 daAuts
    D:10: 937 daAuts
     D:1: 892 daAuts
     D:2: 712 daAuts
  Lair:2: 684 daAuts
     D:3: 480 daAuts
  Temple: 105 daAuts
